 Dungeon Crawl Stone Soup version 0.31-a0-523-g071a6c1ffa (webtiles) character file.

Game seed: 1993670615008643693

58 javelincjr the Conjurer (level 4, 0/27 HPs)
             Began as an Octopode Conjurer on Aug 11, 2023.
             Slain by a gnoll
             ... wielding a +0 halberd
              (10 damage)
             ... on level 3 of the Dungeon.
             The game lasted 00:05:48 (2555 turns).

javelincjr the Conjurer (Octopode Conjurer)         Turns: 2555, Time: 00:05:49

Health: 0/27       AC:  1    Str:  6    XL:     4   Next: 1%
Magic:  5/7        EV: 13    Int: 22    God:
Gold:   116        SH:  0    Dex: 10    Spells: 7/8 levels left

rFire   + . .        l - +4 dagger (pain)
rCold   x . .        (no shield)
rNeg    . . .        (helmet restricted)
rPois   .            (no amulet)
rElec   .            c - ring of fire
rCorr   .            k - ring of wizardry
SInv    .            (no ring)
Will    .....        (no ring)
Stlth   +++          (no ring)
HPRegen 0.24/turn    (no ring)
MPRegen 0.10/turn    (no ring)
                     (no ring)

%: wizardry (x1)
@: no status effects
A: almost no armour, amphibious, 8 rings, camouflage 1, gelatinous body 1,
(nimble swimmer 1), tentacles
a: no special abilities


You were on level 3 of the Dungeon.
You visited 1 branch of the dungeon, and saw 3 of its levels.

You collected 116 gold pieces.

Inventory:

Hand Weapons
 b - a +0 trident
 l - a +4 dagger of pain (weapon)
Missiles
 i - 2 datura-tipped darts
 m - 4 poisoned darts
Jewellery
 c - a ring of fire (left tentacle)
 k - a ring of wizardry (right tentacle)
Scrolls
 e - a scroll of noise {unknown}
 f - a scroll of amnesia {unknown}
 h - a scroll of poison {unknown}
Potions
 a - a potion of magic
 d - a potion of haste {unknown}
 g - a potion of curing {unknown}
 j - a potion of enlightenment {unknown}


   Skills:
 + Level 2.7 Dodging
 + Level 3.6 Stealth
 + Level 2.5 Spellcasting
 + Level 4.3 Conjurations


You had 7 spell levels left.
You knew the following spells:

 Your Spells              Type           Power      Damage    Failure   Level
a - Magic Dart            Conj           88%        1d7       1%          1

Your spell library contained the following spells:

 Spells                   Type           Power      Damage    Failure   Level
 Searing Ray              Conj           44%        2d6       1%          2
 Dazzling Flash           Conj/Hex       24%        N/A       6%          3
 Ensorcelled Hibernation  Hex/Ice        4%         N/A       9%          2
 Fulminant Prism          Conj/Hex       6%         3d7       21%         4
 Iskenderun's Mystic Bla  Conj/Tloc      12%        2d5       21%         4
 Anguish                  Hex/Necr       1%         N/A       45%         4


Dungeon Overview and Level Annotations

Branches:
Dungeon (3/15)

Altars:


Innate Abilities, Weirdness & Mutations

You cannot wear most types of armour.
You are amphibious.
You can wear up to eight rings at the same time.
Your skin changes colour to match your surroundings (Stealth+).
Your rubbery body absorbs attacks. (AC +1, EV +1)
((You are camouflaged when in or above water. (Stealth+)))
You have tentacles for arms and can constrict up to eight enemies at once.


Message History

The ball python attacks as you move away!
The ball python closely misses you. x2
The ball python attacks as you move away!
The ball python bites you. The ball python barely misses you.
The ball python bites you. The ball python closely misses you.
The ball python attacks as you move away!
The ball python bites you. The ball python barely misses you.
The ball python attacks as you move away!
The ball python barely misses you. The ball python closely misses you. x2
There is a stone staircase leading up here.
The ball python bites you. The ball python grabs you.
You stop ascending the stairs.
The ball python constricts you.
Unknown command.
Unknown command.
Casting: Magic Dart (safe; 1% risk of failure)
Confirm with . or Enter, or press ? or * to list all spells.
Okay, then.
Casting: Magic Dart (safe; 1% risk of failure)
Confirm with . or Enter, or press ? or * to list all spells.
Aiming: Magic Dart (safe; 1% risk of failure)
Press: ? - help, Shift-Dir - straight line, f - ball python
Aim: a ball python (constricting you, 100% to hit)
The magic dart hits the ball python.
The ball python is severely wounded.
The ball python bites you. The ball python constricts you.
The gnoll hits you from afar with a +0 spear.
Casting: Magic Dart (safe; 1% risk of failure)
Confirm with . or Enter, or press ? or * to list all spells.
Aiming: Magic Dart (safe; 1% risk of failure)
Press: ? - help, Shift-Dir - straight line, f/p - ball python
Aim: a ball python (severely wounded, constricting you, 100% to hit)
The magic dart hits the ball python.
You kill the ball python!
The gnoll hits you from afar with a +0 spear!
The gnoll enters a dispersal trap!
The gnoll blinks! x2; You blink.
Found a scroll labelled UHEULO LUTE.
Found a stone staircase leading up.
The gnoll enters a dispersal trap!
The gnoll blinks! x2; You blink.
The gnoll hits you with a +0 halberd!
You die...

...##########.......#....##.#
...# #....§..#..#..... ...#
#..........#.##.# ...#
#.....g..#.#.# # ...#
######.###.# # #### #.# #.#
#########§# #.# ........#.#
#######@#.# .......g#.#
......#.§§# ..###.....#
#...#.# ......#.# ###..#...
.... .... ###..#....


You could see a gnoll.

Vanquished Creatures
  3 worms (D:2)
  A dart slug (D:1)
  4 endoplasms
  A giant cockroach (D:2)
  4 goblins
  6 hobgoblins
  2 kobolds
  4 quokkas
  7 ball pythons
  6 bats
  3 frilled lizards
  2 rats
43 creatures vanquished.

Notes
Turn   | Place    | Note
-------+----------+-------------------------------------------
     0 | D:1      | javelincjr the Octopode Conjurer began the quest for the
                  | Orb.
     0 | D:1      | Reached XP level 1. HP: 11/11 MP: 3/3
   221 | D:1      | Reached XP level 2. HP: 17/17 MP: 3/5
   627 | D:1      | Reached XP level 3. HP: 21/21 MP: 3/6
  2294 | D:2      | Found a faded altar of an unknown god.
  2484 | D:3      | Reached XP level 4. HP: 27/27 MP: 5/7
  2555 | D:3      | Slain by a gnoll

Illustrated notes

Levels and vault maps discovered:
D:1:      roderic_crossed_star, layout_rooms
D:2:      layout_loops_corners, dilly_ecumenical_altar_fadedgnrine,
          serial_aquarium, aquarium_bridge_island_small
          [aquarium_subvault_small_open, aquarium_subvault_window,
          aquarium_subvault_bridge, aquarium_subvault_bridge,
          aquarium_subvault_balcony], aquarium_bridge_long_joined
          [aquarium_subvault_bridge, aquarium_subvault_bridge,
          aquarium_subvault_wall, aquarium_subvault_bridge,
          aquarium_subvault_balcony, aquarium_subvault_wall], aquarium_window_2,
          aquarium_window_fake, aquarium_window_3, aquarium_view_2c,
          aquarium_balcony_3b, aquarium_pool_2, minmay_misc_feat_nine_boxes
D:3:      minmay_angry_zag, layout_basic, uniq_sigmund, uniq_terence

Skill      XL: |  1 |
---------------+----+-----
Stealth        | 3 |  3.6
Dodging        | |  2.7
Spellcasting   | |  2.5
Conjurations   | |  4.3

Action                     |  1- 3 |  4- 6 || total
---------------------------+-------+-------++-------
  Melee: Trident           |     5 |       ||     5
         Dagger            |     5 |       ||     5
         Constrict         |     4 |       ||     4
         Tentacles         |     1 |       ||     1
   Cast: Magic Dart        |    86 |     2 ||    88
 Armour: Skin              |       |     1 ||     1
  Dodge: Dodged            |     4 |    17 ||    21

Table legend: (Time is in decaauts)
 A = Elapsed time spent in this place.
 B = Non-inter-level travel time spent in this place.
 C = Inter-level travel time spent in this place.
 D = Time resting spent in this place.
 E = Time spent auto-exploring this place.
 F = Levels seen in this place.
 G = Mean time per level.
                   A        B        C        D        E       F      G
               +--------+--------+--------+--------+--------+-----+--------+
         Total |   2554 |   2497 |     57 |    137 |   2016 |   3 |  851.3 |
       Dungeon |   2554 |   2497 |     57 |    137 |   2016 |   3 |  851.3 |
               +--------+--------+--------+--------+--------+-----+--------+

Top non-repeatable levels by time:
     D:2: 1441 daAuts
     D:1: 882 daAuts
     D:3: 229 daAuts
